 Dungeon Crawl Stone Soup version 0.29.1-12-g30fa7ad0bf (webtiles) character file.

Game seed: 10598433908244473186

4167 hawla the Thaumaturge (level 10, -6/76 (77) HPs)
             Began as a Meteoran Ice Elementalist on Dec 13, 2022.
             Mangled by a nine-headed hydra (12 damage)
             ... on level 7 of the Dungeon.
             The game lasted 00:33:13 (3685 turns).

hawla the Thaumaturge (Meteoran Ice Elementalist)   Turns: 3685, Time: 00:33:14

HP:   -6/76 (77)    AC:  5    Str: 10    XL:     10   Next: 82%
MP:   1/26          EV: 13    Int: 20    God:
Gold: 177           SH:  0    Dex: 16    Spells: 17/31 levels left

rFire   . . .      SeeInvis .   f - +1 halberd (distort)
rCold   + . .      Faith    .   (shield currently unavailable)
rNeg    . . .      Spirit   .   a - +1 robe
rPois   .          Reflect  .   p - +0 helmet
rElec   .          Harm     .   i - +0 cloak
rCorr   .          Rampage  .   (no gloves)
Will    +....                   (no boots)
Stlth   +.........              c - amulet of the acrobat
HPRegen 1.02/turn               d - ring of protection from cold
MPRegen 0.20/turn               (no ring)

@: freezing walls, glowing, lightly drained
A: sense surroundings 2, otherworldly, glowing, explore regen, fangs 1,
regeneration 1, robust 1
a: no special abilities


You were on level 7 of the Dungeon.
You visited 1 branch of the dungeon, and saw 9 of its levels.
You also visited: Bailey.

You collected 385 gold pieces.
You spent 208 gold pieces at shops.

Inventory:

Hand Weapons
 f - a +1 halberd of distortion (weapon)
Armour
 a - a +1 robe (worn)
 i - a +0 cloak (worn)
 p - a +0 helmet (worn)
Jewellery
 c - an amulet of the acrobat (around neck)
 d - a ring of protection from cold (left hand)
Wands
 e - a wand of light (4)
Scrolls
 b - a scroll of identify
 g - a scroll of fog
 n - a scroll of amnesia
Potions
 j - 3 potions of flight
 m - a potion of resistance
 o - 3 potions of brilliance


   Skills:
 - Level 0.8 Fighting
 - Level 6.3 Polearms
 - Level 2.6 Dodging
 - Level 1.4 Stealth
 + Level 11.0 Spellcasting
 - Level 5.4 Conjurations
 * Level 9.6 Translocations
 - Level 6.0 Ice Magic


You had 17 spell levels left.
You knew the following spells:

 Your Spells              Type           Power      Damage    Failure   Level
a - Freeze                Ice            100%       1d11      1%          1
b - Frozen Ramparts       Ice            70%        1d11      1%          3
c - Hailstorm             Conj/Ice       34%        3d9       6%          4
d - Dispersal             Tloc           24%        N/A       19%         6

Your spell library contained the following spells:

 Spells                   Type           Power      Damage    Failure   Level
 Gell's Gravitas          Tloc           49%        N/A       1%          3
 Ozocubu's Armour         Ice            35%        N/A       1%          3
 Teleport Other           Tloc           49%        N/A       1%          3
 Ensorcelled Hibernation  Hex/Ice        46%        N/A       2%          2
 Passwall                 Tmut/Erth      9%         N/A       10%         2
 Swiftness                Air            11%        N/A       19%         3
 Conjure Ball Lightning   Conj/Air       10%        3x3d6     97%         6
 Discord                  Hex            5%         N/A       100%        8
 Disjunction              Tloc           24%        N/A       100%        8


Dungeon Overview and Level Annotations

Branches:
Dungeon (9/15) Zot: 1923     Lair (0/5) D:8          Bailey (visited)
 Temple: D:4-7          Orc: D:9-12

Altars:
Elyvilon
Kikubaaqudgha
Nemelex Xobeh
Xom
Yredelemnul

Shops:
D:7 !(


Innate Abilities, Weirdness & Mutations

You passively map the area around you.
You are easily found by Zot.
You glow in the dark.
You regain HP and MP as you explore.
You have very sharp teeth.
Your natural rate of healing is unusually fast.
You are robust. (+10% HP)


Message History

Unknown command.
Reach: f) +1 halberd (distort)
Press: ? - help, Dir - move target, f/p - wight
Aim: a wight, wielding a +0 hand axe and wearing a +0 robe (almost destroyed, about 43% to evade your +1 halberd of distortion)
You closely miss the wight.
The wight is almost destroyed.
The frozen ramparts melt away.
The wight hits you with a +0 hand axe.
You feel drained.
Okay, then.
Casting: Freeze (safe; 1% risk of failure)
Confirm with . or Enter, or press ? or * to list all spells.
Casting: Frozen Ramparts (safe; 1% risk of failure)
Press: ? - help, Dir - look around, f - activate The walls around you are covered in ice.
The wight completely resists.
The wall freezes the wight but does no damage.
The wight hits you with a +0 hand axe.
The wall freezes the eight-headed hydra.
The eight-headed hydra bites you.
The eight-headed hydra completely misses you.
The eight-headed hydra closely misses you.
The eight-headed hydra bites you!
The eight-headed hydra barely misses you.
The eight-headed hydra bites you! The eight-headed hydra bites you.
The eight-headed hydra bites you!
You chop one of the eight-headed hydra's heads off!
The seven-headed hydra grows two more!
You slash the nine-headed hydra!
Space warps around the nine-headed hydra.
The nine-headed hydra is moderately wounded.
The wight resists.
The wall freezes the wight.
The wight closely misses you.
The wall freezes the nine-headed hydra.
The nine-headed hydra misses you.
The nine-headed hydra closely misses you.
The nine-headed hydra bites you. x2
* * * LOW HITPOINT WARNING * * *
The nine-headed hydra bites you.
* * * LOW HITPOINT WARNING * * *
The nine-headed hydra bites you!
* * * LOW HITPOINT WARNING * * *
The nine-headed hydra bites you!
You die... ,,,, , , ,,* * ,* * *** , #..## * * , , , ..... , * * ### ... * .# ** * ,#[.# ... #.# *, #...##.#* ,#.# # , , #...#.# ##.# ,.... #.'#z#+,##..# 88888

* * ,.###@..###...##.8888.
#........D.8...............
#.##...###...###...#......8 #####
#.##.. +#.#+,##..# .....8
....###.##.# #.# ##.##......
........##.# , ##.## ,#..#.8888}
##..###.##.# ,##...## #..#.8888.
.#.## #.##.####.....####.........
†#..###.##.....................##


You could see a nine-headed hydra and a wight.

Vanquished Creatures
  A two-headed ogre (D:9)
  3 yaks (D:9)
  A water moccasin (D:6)
  2 ice beasts
  A sky beast (D:6)
  2 black bears
  8 orc warriors
  An ogre (D:4)
  Blork the orc (D:6)
  A kobold brigand (D:8)
  4 necrophages
  2 scorpions (D:6)
  3 wights (D:8)
  5 killer bees (D:9)
  An electric eel (D:7)
  A howler monkey (D:8)
  5 orc priests
  5 jellies
  2 iguanas
  6 orc wizards
  3 gnolls (D:4)
  7 adders
  A white imp (D:8)
  An ufetubus (D:6)
  27 orcs
  3 ball pythons
  2 endoplasms (D:4)
  2 giant cockroaches (D:1)
  6 goblins
  9 hobgoblins
  22 kobolds
  A quokka (D:4)
  2 frilled lizards
  2 rats
143 creatures vanquished.

Vanquished Creatures (others)
  2 plants (D:8)
2 creatures vanquished.

Grand Total: 145 creatures vanquished

Notes
Turn   | Place    | Note
-------+----------+-------------------------------------------
     0 | D:1      | hawla the Meteoran Ice Elementalist began the quest for the
                  | Orb.
     0 | D:1      | Reached XP level 1. HP: 14/14 MP: 5/5
    83 | D:1      | Reached XP level 2. HP: 18/19 MP: 0/6
   168 | D:2      | Reached skill level 5 in Ice Magic
   168 | D:2      | Reached XP level 3. HP: 22/26 MP: 4/8
   185 | D:2      | Learned a level 3 spell: Frozen Ramparts
   235 | D:3      | Reached skill level 3 in Spellcasting
   245 | D:3      | Reached XP level 4. HP: 32/33 MP: 2/9
   271 | D:4      | Learned a level 4 spell: Hailstorm
   328 | D:4      | Reached skill level 1 in Conjurations
   659 | D:4      | Noticed an ogre
   665 | D:4      | Killed an ogre
   666 | D:4      | Reached XP level 5. HP: 38/38 MP: 1/10
   674 | D:4      | Found a white marble altar of Elyvilon.
   686 | D:4      | Reached XP level 6. HP: 33/45 MP: 4/11
   847 | D:4      | Reached skill level 5 in Conjurations
   944 | D:5      | Entered Level 5 of the Dungeon
  1008 | D:5      | Gained mutation: You are resistant to electric shocks.
                  | (rElec) [potion of mutation]
  1008 | D:5      | Gained mutation: Your magical capacity is low. (-10% MP)
                  | [potion of mutation]
  1106 | D:5      | Reached skill level 1 in Polearms
  1117 | D:5      | Reached XP level 7. HP: 37/50 MP: 7/12
  1551 | D:6      | Noticed a water moccasin
  1557 | D:6      | Killed a water moccasin
  1558 | D:6      | Reached skill level 5 in Polearms
  1558 | D:6      | Reached XP level 8. HP: 17/58 MP: 6/13
  1577 | D:6      | Found an ancient bone altar of Kikubaaqudgha.
  1664 | D:6      | Reached skill level 4 in Spellcasting
  1758 | D:6      | Learned a level 6 spell: Dispersal
  1929 | D:6      | Reached skill level 1 in Translocations
  2152 | D:6      | Found a shimmering altar of Xom.
  2273 | D:6      | Found a basalt altar of Yredelemnul.
  2345 | D:6      | Reached skill level 5 in Translocations
  2345 | D:6      | Gained mutation: You passively map the area around you.
                  | [Meteoran growth]
  2345 | D:6      | Reached XP level 9. HP: 28/63 MP: 2/14
  2450 | D:6      | Noticed Blork the orc
  2459 | D:6      | Killed Blork the orc
  2579 | D:7      | Identified a scroll of acquirement
  2579 | D:7      | Acquired a +1 halberd of distortion
  2602 | D:7      | Lost mutation: You are resistant to electric shocks.
                  | (rElec) [potion of mutation]
  2602 | D:7      | Lost mutation: Your magical capacity is low. (-10% MP)
                  | [potion of mutation]
  2602 | D:7      | Gained mutation: Your natural rate of healing is unusually
                  | fast. [potion of mutation]
  2602 | D:7      | Gained mutation: You have very sharp teeth. [potion of
                  | mutation]
  2602 | D:7      | Gained mutation: You are robust. (+10% HP) [potion of
                  | mutation]
  2787 | D:7      | Found Nunetukuig's Distillery.
  2854 | D:7      | Found Tumuheid's Weapon Emporium.
  2869 | D:7      | Bought 2 potions of curing for 78 gold pieces
  2869 | D:7      | Bought a potion of resistance for 130 gold pieces
  2919 | D:8      | Reached skill level 5 in Spellcasting
  3015 | D:8      | Noticed a death yak
  3022 | D:8      | Noticed an elephant
  3023 | D:9      | Found a flagged portal.
  3029 | Bailey   | Entered a bailey
  3069 | Bailey   | Reached skill level 6 in Spellcasting
  3126 | Bailey   | Reached skill level 7 in Spellcasting
  3136 | Bailey   | Reached XP level 10. HP: 46/77 MP: 0/22
  3295 | D:9      | Noticed a two-headed ogre
  3303 | D:9      | Killed a two-headed ogre
  3304 | D:9      | Reached skill level 9 in Spellcasting
  3370 | D:9      | Found a sparkling altar of Nemelex Xobeh.
  3422 | D:9      | Reached skill level 10 in Spellcasting
  3501 | D:7      | Reached skill level 11 in Spellcasting
  3672 | D:7      | Noticed an eight-headed hydra
  3685 | D:7      | Mangled by a nine-headed hydra

Illustrated notes

Levels and vault maps discovered:
D:1:      dpeg_arrival_three_same_balls, layout_basic
D:2:      minmay_kobold_bridge, layout_basic, dilly_ecumenical_altar_fadedgnrine
D:3:      layout_loops_cross, chequers_temple_overflow_statue_of_worship,
          minmay_circle_x
D:4:      layout_loops_ring, mainiacjoe_overflow_cross_hatched, hex_medium
D:5:      layout_rooms
D:6:      layout_loops_corners, marbit_many_paths, general_overflow_altar,
          old_standard_altar, palyth_stone_intersect, amcnicky_mini_pool_small,
          skrybe_limestone_x, grunt_ministairs_9, uniq_blork_the_orc
D:7:      cheibrodos_barr_body, layout_loops_corners, grunt_dithmenos_shadows,
          minmay_temple_entry_offerings, hellmonk_bongcloud_opening,
          nicolae_wooded_promenade, st_stairs_3
D:8:      layout_gridville, david_lair_generic
D:9:      layout_roguey [special_room_orc], amcnicky_altar_gilded,
          enter_bailey_2, uniq_maggie

Skill      XL: |  1  2  3  4  5  6  7  8  9 10 |
---------------+-------------------------------+-----
Ice Magic      | 5 6 |  6.0
Spellcasting   | 3 4 7 11 | 11.0
Conjurations   | 4 5 |  5.4
Polearms       | 1 5 6 |  6.3
Translocations | 5 8 9 |  9.6
Fighting       | |  0.8
Dodging        | |  2.6
Stealth        | |  1.4

Action                   |  1- 3 |  4- 6 |  7- 9 | 10-12 || total
-------------------------+-------+-------+-------+-------++-------
Melee: Unarmed           |     2 |       |       |       ||     2
       Glaive            |       |     8 |    81 |       ||    89
       Halberd           |       |       |    36 |    25 ||    61
       Bite              |       |       |     3 |     4 ||     7
 Cast: Freeze            |    23 |    18 |    26 |     3 ||    70
       Frozen Ramparts   |     1 |    12 |    31 |    10 ||    54
       Hailstorm         |       |     1 |    21 |    17 ||    39
       Dispersal         |       |       |       |     6 ||     6
  Use: Potion            |       |     4 |     5 |     4 ||    13
       Scroll            |       |       |    11 |     3 ||    14
Armor: Robe              |     5 |     3 |    32 |     3 ||    43
Dodge: Dodged            |    11 |    16 |   143 |    41 ||   211
